AoeStats
← 夜李神66g

Arena

505848712Analyzed
2v2 RM · 19d ago on Sep 11, 2026· 47m 28s· 4 players
Game mode
Random Map
Map size
Medium (4 player)
Population
200
Speed
Normal
Resources
Standard
Victory
Conquest
Starting age
Dark Age
Ending age
Imperial Age
RankedLock teamsTeams togetherTeam positionsShared explorationLock speedFull tech treeHidden civsTurbo modeCheats
Victory
Defeat
🇫🇷 Spanish · France
822
+14
🇺🇸 Persians · United States
703
+20
🇹🇼 Huns · Taiwan
778
-43
🇹🇼 Spanish · Taiwan
778
-43
夜李神66g
10:07 Feudal Age
11:17 Double-Bit Axe
11:39 Horse Collar
13:04 Wheelbarrow
16:52 Loom
20:25 Castle Age
20:30 Fletching
21:23 Hand Cart
24:34 Bloodlines
26:11 Bow Saw
28:27 Bodkin Arrow
28:49 Thumb Ring
30:08 Husbandry
31:45 Padded Archer Armor
31:56 Forging
34:15 Light Cavalry
35:13 Heavy Plow
36:32 Scale Barding Armor
36:21 Gold Mining
38:48 Loom
41:39 Imperial Age
41:22 Chain Barding Armor
璃宮莎曉
10:32 Feudal Age
9:49 Loom
11:07 Double-Bit Axe
20:18 Castle Age
18:38 Fletching
19:51 Horse Collar
20:06 Gold Mining
22:58 Wheelbarrow
25:05 Stone Mining
25:28 Bow Saw
26:24 Masonry
27:13 Fortified Wall
27:24 Heavy Plow
28:41 Scale Barding Armor
28:47 Forging
32:59 Imperial Age
32:41 Chain Barding Armor
34:05 Elite Conquistador
38:03 Elite Skirmisher
40:40 Plate Barding Armor
40:07 Padded Archer Armor
PhZ_Vic5
9:15 Loom
11:52 Feudal Age
16:16 Castle Age
14:30 Horse Collar
14:51 Double-Bit Axe
17:04 Wheelbarrow
16:48 Padded Archer Armor
19:16 Gold Mining
19:17 Stone Mining
29:39 Bloodlines
33:13 Imperial Age
36:34 Leather Archer Armor
37:39 Ballistics
36:52 Elite Conquistador
39:07 Elite Conquistador
41:36 Ring Archer Armor
42:23 Capped Ram
43:21 Siege Ram
Kris
13:36 Feudal Age
17:49 Castle Age
15:59 Horse Collar
16:10 Double-Bit Axe
16:53 Stone Mining
18:34 Bow Saw
22:48 Gold Mining
32:06 Imperial Age
29:22 Town Watch
29:22 Loom
29:46 Heavy Plow
30:53 Kamandaran
30:15 Crossbowman
31:00 Thumb Ring
32:01 Wheelbarrow
31:30 Town Patrol
31:43 Padded Archer Armor
31:33 Fletching
32:37 Thumb Ring
32:55 Conscription
33:22 Hand Cart
33:19 Husbandry
33:30 Bloodlines
32:44 Pikeman
33:24 Squires
35:17 Chemistry
34:37 Ballistics
34:55 Leather Archer Armor
34:36 Bodkin Arrow
34:46 Scale Barding Armor
34:53 Forging
34:43 Scale Mail Armor
34:26 Light Cavalry
35:13 Squires
39:09 Two-Man Saw
37:35 Elite War Elephant
39:47 Stone Shaft Mining
39:48 Gold Shaft Mining
39:49 Crop Rotation
40:30 Ring Archer Armor
40:16 Chain Mail Armor
40:37 Iron Casting
40:22 Chain Barding Armor
42:16 Hussar
47:16 Plate Mail Armor
47:46 Blast Furnace
47:24 Plate Barding Armor
Connection lost

Rejoining the realm…

Still unreachable

The connection could not be restored.

Session expired

The server has moved on; the page needs a fresh start.